 Dungeon Crawl Stone Soup version 0.21-a0-437-ge5bf024 (webtiles) character file.

697 namelastname112 the Conjurer (level 7, -3/36 HPs)
             Began as a Kobold Conjurer on Nov 9, 2017.
             Was an Initiate of Dithmenos.
             Slain by a hornet zombie (7 damage)
             ... on level 5 of the Dungeon.
             The game lasted 00:07:20 (4841 turns).

namelastname112 the Conjurer (Kobold Conjurer)      Turns: 4841, Time: 00:07:21

Health: -3/36      AC:  7    Str:  5    XL:     7   Next: 97%
Magic:  2/16       EV: 15    Int: 19    God:    Dithmenos [......]
Gold:   147        SH:  0    Dex: 20    Spells: 11/18 levels left

rFire    . . .     SeeInvis .   o - +6 club
rCold    . . .     Gourm    .   (shield restricted)
rNeg     . . .     Faith    .   p - +2 robe {MR+}
rPois    +         Spirit   .   u - +2 helmet
rElec    .         Reflect  .   (no cloak)
rCorr    .         Harm     .   (no gloves)
MR       +....                  (no boots)
Stlth    +++.......             (no amulet)
HPRegen  0.12/turn              m - ring of poison resistance
MPRegen  0.15/turn              n - +5 ring of dexterity

@: no status effects
A: carnivore 3
a: Renounce Religion


You were on level 5 of the Dungeon.
You worshipped Dithmenos.
Dithmenos was noncommittal.
You were very full.

You visited 2 branches of the dungeon, and saw 6 of its levels.

You collected 147 gold pieces.

Inventory:

Hand Weapons
 o - a +6 club (weapon)
Missiles
 g - a throwing net (quivered)
Armour
 p - a +2 robe of magic resistance (worn)
 u - a +2 helmet (worn)
Jewellery
 m - a ring of poison resistance (left hand)
 n - a +5 ring of dexterity (right hand)
Wands
 e - a wand of lightning (7/15)
Scrolls
 h - a scroll of identify
 i - a scroll of recharging {unknown}
 s - a scroll of teleportation
Potions
 a - a potion of resistance
 d - a potion of magic {unknown}
 f - 2 potions of heal wounds {unknown}
 l - a potion of curing
 q - 2 potions of flight
 r - 2 potions of brilliance
Books
 b - a book of Conjurations

   Spells                             Type                      Level
   a - Magic Dart                     Conjuration                  1
   b - Searing Ray                    Conjuration                  2
   c - Dazzling Spray                 Conjuration/Hexes            3
   d - Fulminant Prism                Conjuration/Hexes            4
   e - Force Lance                    Conjuration/Translocation    4
   f - Iskenderun's Mystic Blast      Conjuration                  4
Comestibles
 c - 3 meat rations


   Skills:
 - Level 2.4 Dodging
 - Level 2.6 Stealth
 + Level 6.1 Spellcasting
 + Level 7.0 Conjurations


You had 11 spell levels left.
You knew the following spells:

 Your Spells              Type           Power        Failure   Level  Hunger
c - Iskenderun's Mystic   Conj           ####....     6%          4    ####...
x - Searing Ray           Conj           ####..       1%          2    None
z - Magic Dart            Conj           ####         1%          1    None


Dungeon Overview and Level Annotations

Branches:
Dungeon (5/15)             Temple (1/1) D:4

Altars:
Ashenzari
Dithmenos
Elyvilon
Fedhas
Gozag
Kikubaaqudgha
Makhleb
Okawaru
Qazlal
Ru
Sif Muna
Trog
Uskayaw
Vehumet
Wu Jian
Xom
Yredelemnul
Zin


Innate Abilities, Weirdness & Mutations

You are small and have problems with some larger weapons.
You are carnivorous and can eat meat at any time.


Message History

Aiming: Iskenderun's Mystic Blast
Press: ? - help, Shift-Dir - straight line, f/p - hornet zombie
Aim: a hornet zombie (moderately damaged)
The orb of energy hits the hornet zombie.
The hornet zombie is heavily damaged.
The orb of energy explodes!
The hornet zombie hits you.
You take 5 damage, and have 24/36 hp.
You now have 1/16 mp.
You hit the hornet zombie.
The hornet zombie is severely damaged.
The hornet zombie closely misses you. x2
You closely miss the hornet zombie.
The hornet zombie is severely damaged.
The hornet zombie hits you! The hornet zombie hits you.
You take 11 damage, and have 13/36 hp.
MASSIVE DAMAGE!!
You sock the hornet zombie!
The hornet zombie is severely damaged.
The hornet zombie hits you!
* * * LOW HITPOINT WARNING * * *
The hornet zombie hits you!
You die...

..## #............#
..(###............#
...##.............#
....#.............#
....#.............#
.................##
...##............#
.####......#####.##
.## ######## #@.#
..#* **##Z# ...#
***#...## ...#
***#......,* ...#
**,,.......,* ...#
*,,,.......** ...#
*,,,.......*
...#***,,,.......*
....**,,,,.......*


You could see a hornet zombie.

Vanquished Creatures
  A necrophage (D:5)
  An ogre (D:5)
  A gnoll sergeant (D:4)
  A scorpion (D:5)
  A howler monkey (D:4)
  A crimson imp (D:5)
  A centaur zombie (D:5)
  Jessica (D:2)
  A statue (D:4)
  3 worker ants (D:5)
  6 gnolls (D:4)
  A howler monkey skeleton (D:5)
  5 adders
  An adder skeleton (D:4)
  2 dart slugs (D:2)
  3 leopard geckos
  3 orcs
  4 giant cockroaches
  6 goblins
  3 hobgoblins
  13 jackals
  2 quokkas
  2 ball pythons
  2 bats (D:1)
  5 frilled lizards
  6 kobolds
  7 rats
83 creatures vanquished.

Notes
Turn   | Place    | Note
-------+----------+-------------------------------------------
     0 | D:1      | namelastname112 the Kobold Conjurer began the quest for the Orb.
     0 | D:1      | Reached XP level 1. HP: 10/10 MP: 3/3
   374 | D:1      | Reached XP level 2. HP: 1/15 MP: 0/5
   866 | D:1      | Learned a level 2 spell: Searing Ray
  1451 | D:2      | Reached XP level 3. HP: 19/19 MP: 4/7
  1467 | D:2      | Found a glowing silver altar of Zin.
  1654 | D:2      | Found a bloodstained altar of Trog.
  1655 | D:2      | Found a sacrificial altar of Ru.
  2012 | D:2      | Noticed Jessica
  2019 | D:2      | Killed Jessica
  2019 | D:2      | Reached XP level 4. HP: 20/24 MP: 1/8
  2146 | D:2      | Found a shattered altar of Ashenzari.
  2280 | D:3      | Found an ornate altar of the Wu Jian Council.
  2468 | D:3      | Reached skill level 5 in Conjurations
  2766 | D:3      | Found a bloodstained altar of Trog.
  2872 | D:4      | Found a radiant altar of Vehumet.
  3002 | D:4      | Noticed a gnoll sergeant
  3019 | D:4      | Reached XP level 5. HP: 28/28 MP: 6/10
  3043 | D:4      | Reached XP level 6. HP: 17/32 MP: 2/12
  3539 | D:4      | Found an iron altar of Okawaru.
  3674 | D:4      | Found a staircase to the Ecumenical Temple.
  3729 | Temple   | Entered the Ecumenical Temple
  3957 | D:5      | Entered Level 5 of the Dungeon
  3968 | D:5      | Reached skill level 5 in Spellcasting
  3968 | D:5      | Reached skill level 6 in Conjurations
  4092 | D:5      | Reached XP level 7. HP: 33/36 MP: 6/14
  4293 | D:5      | Found a blossoming altar of Fedhas.
  4310 | D:5      | Found a shadowy altar of Dithmenos.
  4364 | D:5      | Became a worshipper of Dithmenos the Shadowed
  4370 | D:5      | Learned a level 4 spell: Iskenderun's Mystic Blast
  4723 | D:5      | Reached skill level 7 in Conjurations
  4841 | D:5      | Slain by a hornet zombie

Vault maps used:
D:1:      dpeg_arrival_ternary
D:2:      nicolae_overflow_hidden_temple, gammafunk_temple_overflow_pools,
          lemuel_coloured_pillars_altar, hangedman_glass_garden, uniq_jessica
D:3:      lemuel_crystal_altar, serial_glass, glass_columns_a, glass_columns_b,
          serial_bayou_pond_e, bloody_trog
D:4:      vehumet_statue, okawaru_altar_gauntlet_db,
          minmay_temple_entry_enclosed_plants, first_bread, lightli_minifort
D:5:      kennysheep_little_box, kennysheep_mini_moat, minmay_misc_feat_plants,
          serial_bayou_lake_a
Temple:   grunt_temple_mini_profane

Skill      XL: |  1  2  3  4  5  6  7 |
---------------+----------------------+-----
Spellcasting   | 3 4 5 6 |  6.1
Conjurations   | 5 6 7 |  7.0
Dodging        | |  2.4
Stealth        | |  2.6

Action                   |  1- 3 |  4- 6 |  7- 9 || total
-------------------------+-------+-------+-------++-------
Melee: Club              |    14 |    12 |    11 ||    37
       Unarmed           |     2 |       |       ||     2
       Dagger            |     2 |       |       ||     2
 Cast: Magic Dart        |    44 |   114 |    76 ||   234
       Searing Ray       |       |     2 |     1 ||     3
       Iskenderun's Myst |       |       |     1 ||     1
  Use: Potion            |     2 |       |       ||     2
       Scroll            |       |       |    11 ||    11
  Eat: Chunk             |     9 |     3 |     8 ||    20
Armor: Robe              |     3 |     6 |     7 ||    16
Dodge: Dodged            |    35 |    28 |    23 ||    86

Table legend:
 A = Spawn XP
 B = Non-spawn XP
 C = Spawn XP percentage of total XP
 D = Spawn monster count
 E = Non-spawn monster count
 F = Spawn count percentage of total count
 G = Total turns spent on level
                    A         B        C        D         E        F      G
               +---------+---------+-------+---------+---------+-------+---------
         Total |       0 |     996 |   0.0 |       0 |      83 |   0.0 |  4841
               +---------+---------+-------+---------+---------+-------+---------
           D:1 |       0 |      27 |   0.0 |       0 |      18 |   0.0 |  1449
           D:2 |       0 |      52 |   0.0 |       0 |       8 |   0.0 |   764
           D:3 |       0 |      45 |   0.0 |       0 |      13 |   0.0 |   596
           D:4 |       0 |     288 |   0.0 |       0 |      20 |   0.0 |   953
           D:5 |       0 |     584 |   0.0 |       0 |      24 |   0.0 |   884
               +---------+---------+-------+---------+---------+-------+---------
